 Dungeon Crawl Stone Soup version 0.26-a0-980-g0fe3eaa9ac (webtiles) character file.

Game seed: 12098127285021292106

191 sahdkjhfkaj the Shield-Bearer (level 5, -10/49 HPs)
             Began as a Deep Dwarf Fighter on Dec 5, 2020.
             Mangled by a two-headed ogre
             ... wielding a +0 dire flail
              (12 damage)
             ... on level 3 of the Dungeon.
             The game lasted 00:02:45 (1506 turns).

sahdkjhfkaj the Shield-Bearer (Deep Dwarf Fighter)  Turns: 1506, Time: 00:02:46

Health: -10/49     AC: 10    Str: 20    XL:     5   Next: 42%
Magic:  4/4        EV:  6    Int:  9    God:
Gold:   104        SH: 10    Dex: 12    Spells: 4/4 levels left

rFire    . . .     SeeInvis .   a - +0 war axe
rCold    . . .     Faith    .   c - +0 kite shield
rNeg     . . .     Spirit   .   m - +0 chain mail (curse)
rPois    .         Reflect  .   (no helmet)
rElec    .         Harm     .   (no cloak)
rCorr    .         Rampage  .   i - +0 pair of gloves
MR       .....                  (no boots)
Stlth    ..........             (no amulet)
HPRegen  0.00/turn              (no ring)
MPRegen  0.09/turn              (no ring)

@: non-regenerating
A: damage resistance, heal wounds, sense surroundings 1, no regeneration
a: Heal Wounds


You were on level 3 of the Dungeon.
You visited 1 branch of the dungeon, and saw 3 of its levels.

You collected 104 gold pieces.

Inventory:

Hand Weapons
 a - a +0 war axe (weapon)
Armour
 c - a +0 kite shield (worn)
 i - a +0 pair of gloves (worn)
 m - a cursed +0 chain mail (worn)
Jewellery
 g - a cursed -4 ring of strength {unknown}
Scrolls
 e - a scroll of random uselessness {unknown}
 f - a scroll of identify {unknown}
 h - a scroll of remove curse {unknown}
 l - a scroll of teleportation {unknown}
Potions
 b - a potion of heal wounds
 d - 2 potions of might
 j - a potion of curing {unknown}
 k - a potion of degeneration {unknown}


   Skills:
 + Level 3.2 Fighting
 * Level 3.8 Axes
 + Level 3.9 Armour
 + Level 1.8 Dodging
 * Level 4.6 Shields


You had 4 spell levels left.
You didn't know any spells.
Your spell library was empty.

Dungeon Overview and Level Annotations

Branches:
Dungeon (3/15)

Altars:


Innate Abilities, Weirdness & Mutations

You are resistant to damage.
You can heal yourself by infusing magical energy.
You passively map a small area around you.
You do not regenerate.


Message History

The giant cockroach is severely wounded.
You block the giant cockroach's attack. You block the kobold's attack.
The giant cockroach bites you but does no damage.
You slash the giant cockroach!
You kill the giant cockroach!
The kobold hits you but does no damage. You block the kobold's attack.
The kobold hits you but does no damage.
Found a stone staircase leading up.
You slash the kobold!
You kill the kobold!
You slash the two-headed ogre!
The two-headed ogre is moderately wounded.
The two-headed ogre hits you with a +0 dire flail!
The two-headed ogre hits you with a +0 giant spiked club!!
* * * LOW HITPOINT WARNING * * *
An orc comes into view. It is wielding a +0 hand axe.
The two-headed ogre hits you with a +0 dire flail!
* * * LOW HITPOINT WARNING * * *
The two-headed ogre hits you with a +0 giant spiked club!
You die...

*, , .............#
#...### #.#..^........
*.......####.#.....#####.
,...................## #.
, ....................#
#.
....................####
................##.....#
*
...............####.....
.#..O@†....### #...#.
.........(...########...
,
o.......................
*
,<######.............##.#
#############....# ,,
###### # , # * #


You could see a two-headed ogre and an orc.

Vanquished Creatures
  A howler monkey (D:3)
  Ijyb (D:3)
  A howler monkey zombie (D:2)
  5 adders
  An ooze (D:2)
  4 worms
  4 leopard geckos
  4 giant cockroaches
  8 goblins
  2 hobgoblins
  10 kobolds
  10 bats
  2 frilled lizards
  3 rats
56 creatures vanquished.

Notes
Turn   | Place    | Note
-------+----------+-------------------------------------------
     0 | D:1      | sahdkjhfkaj the Deep Dwarf Fighter began the quest for the
                  | Orb.
     0 | D:1      | Reached XP level 1. HP: 20/20 MP: 1/1
   201 | D:1      | Reached XP level 2. HP: 24/27 MP: 2/2
   770 | D:2      | Reached XP level 3. HP: 27/33 MP: 3/3
   809 | D:2      | Reached skill level 1 in Dodging
  1025 | D:2      | Reached skill level 4 in Shields
  1065 | D:2      | Reached XP level 4. HP: 29/42 MP: 4/4
  1376 | D:3      | Noticed Ijyb
  1438 | D:3      | Killed Ijyb
  1478 | D:3      | Reached XP level 5. HP: 36/49 MP: 4/4
  1501 | D:3      | Noticed a two-headed ogre
  1506 | D:3      | HP: 2/49 [two-headed ogre/+0 dire flail (5)]
  1506 | D:3      | Mangled by a two-headed ogre

Illustrated notes

Levels and vault maps discovered:
D:1:      minmay_arrival_up_and_down, layout_loops_ring, nrook_loot_triangle
D:2:      layout_rooms, minmay_misc_feat_rugged, grunt_decor_resistance
D:3:      layout_rooms, uniq_ijyb

Skill      XL: |  1  2  3 |
---------------+----------+-----
Dodging        | 1 |  1.8
Axes           | 3 |  3.8
Fighting       | 3 |  3.2
Shields        | 4 |  4.6
Armour         | |  3.9

Action                   |  1- 3 |  4- 6 || total
-------------------------+-------+-------++-------
Melee: War axe           |    99 |   105 ||   204
 Abil: Heal Wounds       |       |     1 ||     1
  Use: Potion            |       |     1 ||     1
Armor: Scale mail        |    42 |       ||    42
       Chain mail        |    11 |    96 ||   107
Dodge: Dodged            |    37 |    32 ||    69
Block: Kite shield       |    53 |    63 ||   116

Table legend: (Time is in decaauts)
 A = Elapsed time spent in this place.
 B = Non-inter-level travel time spent in this place.
 C = Inter-level travel time spent in this place.
 D = Time resting spent in this place.
 E = Time spent auto-exploring this place.
 F = Levels seen in this place.
 G = Mean time per level.
                   A        B        C        D        E       F      G
               +--------+--------+--------+--------+--------+-----+--------+
         Total |   1592 |   1485 |    107 |      0 |   1021 |   3 |  530.7 |
       Dungeon |   1592 |   1485 |    107 |      0 |   1021 |   3 |  530.7 |
               +--------+--------+--------+--------+--------+-----+--------+

Top non-repeatable levels by time:
     D:1: 767 daAuts
     D:2: 619 daAuts
     D:3: 206 daAuts
